 Dungeon Crawl Stone Soup version 0.29-a0-40-g8eb35efe60 (webtiles) character file.

Game seed: 14873563147636334747

667 jfcaron the Skirmisher (level 7, -2/64 HPs)
             Began as a Minotaur Cinder Acolyte on Jan 28, 2022.
             Was an Initiate of Gozag.
             Slain by a fire elemental (8 damage)
             ... created by the fiery vengeance of Ignis
             ... on level 4 of the Dungeon on Feb 2, 2022.
             The game lasted 00:14:23 (4130 turns).

jfcaron the Skirmisher (Minotaur Cinder Acolyte)    Turns: 4130, Time: 00:14:24

Health: -2/64      AC: 12    Str: 21    XL:     7   Next: 31%
Magic:  7/7        EV:  8    Int: 11    God:    Gozag
Gold:   351        SH:  0    Dex:  5    Spells: 8/8 levels left

rFire   . . .      SeeInvis +   a - -1 spear (flame)
rCold   . . .      Faith    .   (no shield)
rNeg    . . .      Spirit   .   v - +0 chain mail
rPois   .          Reflect  .   (helmet restricted)
rElec   .          Harm     .   k - +0 cloak
rCorr   .          Rampage  .   (no gloves)
Will    .....                   i - +0 pair of boots
Stlth   ..........              (no amulet)
HPRegen 0.20/turn               o - ring of see invisible
MPRegen 0.10/turn               (no ring)

@: fire susceptible
A: horns 2, retaliatory headbutt
a: Renounce Religion, Potion Petition, Call Merchant, Bribe Branch


You were on level 4 of the Dungeon.
You worshipped Gozag.
Gozag was aware of your devotion.
You visited 1 branch of the dungeon, and saw 4 of its levels.

You collected 404 gold pieces.
You paid 53 gold pieces to Gozag.

Inventory:

Hand Weapons
 a - a -1 spear of flaming (weapon)
 d - a +0 halberd
 u - a +0 trident
 x - a +4 dagger
 y - a +0 hunting sling
 B - a +2 dagger of draining
Missiles
 f - 56 arrows
 m - 166 stones (quivered)
 t - 19 sling bullets
 z - 4 poisoned darts
Armour
 i - a +0 pair of boots (worn)
 k - a +0 cloak (worn)
 v - a +0 chain mail (worn)
Magical Staves
 c - a staff of conjuration
Jewellery
 o - a ring of see invisible (left hand)
Wands
 A - a wand of iceblast (6)
Scrolls
 e - a scroll of identify
 g - a scroll of amnesia
 h - a scroll of blinking
 n - a scroll of fog
 s - a scroll of teleportation
 w - a scroll of magic mapping {unknown}
Potions
 b - 2 potions of mutation
 j - 2 potions of heal wounds
 l - 2 potions of attraction
 p - a potion of brilliance
 q - a potion of curing
 r - a potion of degeneration


   Skills:
 * Level 6.3 Fighting
 * Level 6.2 Polearms
 * Level 4.9 Armour
 - Level 3.0 Dodging
 - Level 1.0 Spellcasting
 - Level 2.1 Fire Magic


You had 8 spell levels left.
You didn't know any spells.
Your spell library contained the following spells:

 Spells                   Type           Power      Damage    Failure   Level
 Scorch                   Fire           10%        2d6       86%         2


Dungeon Overview and Level Annotations

Branches:
Dungeon (4/15)
 Temple: D:4-7

Altars:
Gozag
Wu Jian
The Shining One

Shops:
D:2 =

Annotations:
D:3 ! Pick a new god, Ignis is dead.


Innate Abilities, Weirdness & Mutations

You have a pair of horns on your head.
You reflexively headbutt those who attack you in melee.


Message History

You feel better.
Aiming: Iceblast
Press: ? - help, Shift-Dir - straight line, f - fire elemental
Aim: a fire elemental (durably summoned)
The mass of ice explodes!
The iceblast engulfs the fire elemental!
The fire elemental is frozen!
The fire elemental is moderately damaged.
You hear an angry hiss. x2; You hear a shout!
An adder comes into view.
The fire elemental hits you. The fire elemental burns you!
You hear an angry hiss.
You hit the fire elemental but do no damage.
The fire elemental is moderately damaged.
The fire elemental closely misses you. You furiously retaliate!
You headbutt the fire elemental! The fire elemental hits you.
The fire elemental burns you!
You puncture the fire elemental!
Your headbutt misses the fire elemental.
The fire elemental is severely damaged.
The fire elemental misses you. The fire elemental hits you.
The fire elemental burns you!
You hit the fire elemental but do no damage.
The fire elemental is severely damaged.
The fire elemental hits you. The fire elemental burns you!
The fire elemental hits you. The fire elemental burns you!
You hit the fire elemental.
The fire elemental is severely damaged.
The fire elemental hits you. The fire elemental burns you!
The fire elemental hits you. The fire elemental burns you!
* * * LOW HITPOINT WARNING * * *
You hit the fire elemental but do no damage.
The fire elemental is severely damaged.
The fire elemental hits you.
* * * LOW HITPOINT WARNING * * *
The fire elemental burns you!
* * * LOW HITPOINT WARNING * * *
The fire elemental hits you. The fire elemental burns you!
You die...
Your body crumbles into a pile of gold.

#.###.####### #.#
#[############
#.###.<..........#
#..........#####.#
#####.####.# #.#
#.# #.# #.# #.#
#.# #.# #.# #.#
#E# #.# #.# #@#
#.# #.# #E# #.#
... #°# ... #S#
..# ... ###


You could see 2 fire elementals and an adder.

Vanquished Creatures
  Grinder (D:3)
  A scorpion (D:4)
  A water moccasin skeleton (D:4)
  Terence (D:3)
  Jessica (D:3)
  Natasha (thrice) (D:3)
  Robin (D:3)
  3 gnolls (D:2)
  13 adders
  2 worms (D:2)
  A dart slug (D:3)
  An orc (D:4)
  14 ball pythons
  5 endoplasms
  3 giant cockroaches
  11 goblins
  9 hobgoblins
  8 kobolds
  6 quokkas
  4 bats
  7 frilled lizards
  2 rats
  81 foxfires
  17 plants (D:3)
196 creatures vanquished.

Notes
Turn   | Place    | Note
-------+----------+-------------------------------------------
     0 | D:1      | jfcaron the Minotaur Cinder Acolyte began the quest for the
                  | Orb.
     0 | D:1      | Reached XP level 1. HP: 19/19 MP: 1/1
    26 | D:1      | Found a faded altar of an unknown god.
    39 | D:1      | Upgraded the game from 0.29-a0-9-g022ca4c890 to
                  | 0.29-a0-40-g8eb35efe60
    42 | D:1      | HP: 4/20 [kobold (3)]
    66 | D:1      | HP: 4/20 [constriction (1)]
    68 | D:1      | Reached skill level 1 in Armour
    68 | D:1      | Reached XP level 2. HP: 4/27 MP: 2/2
   848 | D:1      | Reached skill level 1 in Dodging
   975 | D:2      | Reached XP level 3. HP: 33/33 MP: 3/3
  1101 | D:2      | HP: 6/33 [adder (4)]
  1395 | D:2      | Found Tunaatyv's Jewellery Emporium.
  1672 | D:2      | Reached XP level 4. HP: 34/41 MP: 4/4
  2122 | D:3      | Reached XP level 5. HP: 45/47 MP: 5/5
  2177 | D:3      | Found an ornate altar of the Wu Jian Council.
  2204 | D:3      | Noticed Terence
  2211 | D:3      | Killed Terence
  2513 | D:3      | Noticed Grinder
  2528 | D:3      | Killed Grinder
  2529 | D:3      | Reached skill level 5 in Fighting
  2529 | D:3      | Reached skill level 5 in Polearms
  2529 | D:3      | Reached XP level 6. HP: 33/56 MP: 6/6
  2782 | D:3      | Found an opulent altar of Gozag.
  2787 | D:3      | Noticed Natasha
  2793 | D:3      | Killed Natasha
  2810 | D:3      | Fell from the grace of Ignis
  2810 | D:3      | Became a worshipper of Gozag Ym Sagoz the Greedy
  2814 | D:3      | Noticed Robin
  2886 | D:3      | Noticed Natasha
  2893 | D:3      | Killed Natasha
  3033 | D:3      | Noticed Jessica
  3042 | D:3      | Killed Jessica
  3045 | D:3      | Found a glowing golden altar of the Shining One.
  3130 | D:3      | Killed Robin
  3335 | D:3      | Noticed Natasha
  3343 | D:3      | Killed Natasha
  3580 | D:4      | Reached XP level 7. HP: 63/63 MP: 7/7
  4124 | D:4      | Noticed a fire elemental
  4124 | D:4      | Noticed a fire elemental
  4129 | D:4      | HP: 11/64 [fire elemental[the fiery vengeance of Ignis]
                  | (11)]
  4130 | D:4      | Slain by a fire elemental

Illustrated notes

Levels and vault maps discovered:
D:1:      shiori_shiawase, layout_rooms, basic_ecumenical_altar
D:2:      layout_basic, serial_shops, shop_coins, minmay_octomino_j4
D:3:      layout_loops_ring, nicolae_wu_jian_immortal_techniques,
          lemuel_round_altar, nicolae_tso_swordbearing_angel, serial_bayou,
          serial_bayou_pond_d, serial_bayou_lake_a, serial_bayou_pond_c,
          serial_bayou_shore_b, minmay_randomly_rotated_circles, uniq_robin,
          uniq_natasha, uniq_terence, uniq_jessica, uniq_grinder
D:4:      layout_basic, serial_shops, nicolae_shop_trees, minmay_snake_closets,
          uniq_edmund

Skill      XL: |  1  2  3  4  5  6  7 |
---------------+----------------------+-----
Armour         | 1 2 3 4 |  4.9
Fighting       | 4 5 6 |  6.3
Polearms       | 4 5 6 |  6.2
Dodging        | 1 2 3 |  3.0
Spellcasting   | |  1.0
Fire Magic     | |  2.1

Action                   |  1- 3 |  4- 6 |  7- 9 || total
-------------------------+-------+-------+-------++-------
Melee: Spear             |   122 |   128 |    55 ||   305
       Headbutt          |     8 |    12 |     4 ||    24
       Punch             |       |     4 |       ||     4
Throw: Stone             |    29 |    39 |    13 ||    81
       Dart              |    12 |    14 |     3 ||    29
Invok: Foxfire Swarm     |     4 |     2 |       ||     6
       Fiery Armour      |     1 |     2 |       ||     3
       Rising Flame      |     1 |       |       ||     1
Evoke: Wand              |       |       |     1 ||     1
  Use: Scroll            |       |       |    11 ||    11
       Potion            |       |       |     1 ||     1
Armor: Robe              |    22 |     2 |       ||    24
       Scale mail        |       |    13 |       ||    13
       Chain mail        |       |    28 |    27 ||    55
Dodge: Dodged            |    48 |    24 |    15 ||    87

Table legend: (Time is in decaauts)
 A = Elapsed time spent in this place.
 B = Non-inter-level travel time spent in this place.
 C = Inter-level travel time spent in this place.
 D = Time resting spent in this place.
 E = Time spent auto-exploring this place.
 F = Levels seen in this place.
 G = Mean time per level.
                   A        B        C        D        E       F      G
               +--------+--------+--------+--------+--------+-----+--------+
         Total |   4165 |   4050 |    115 |    818 |   2443 |   4 | 1041.2 |
       Dungeon |   4165 |   4050 |    115 |    818 |   2443 |   4 | 1041.2 |
               +--------+--------+--------+--------+--------+-----+--------+

Top non-repeatable levels by time:
     D:3: 1361 daAuts
     D:1: 1220 daAuts
     D:2: 851 daAuts
     D:4: 731 daAuts
